 Dungeon Crawl Stone Soup version 0.29.1-12-g30fa7ad0bf (webtiles) character file.

Game seed: 8602553467690662800

10768 Radix the Fighter (level 11, -5/73 HPs)
             Began as a Gargoyle Cinder Acolyte on Dec 16, 2022.
             Was an Initiate of Vehumet.
             Slain by a fire elemental (11 damage)
             ... created by the fiery vengeance of Ignis
             ... on level 1 of the Lair of Beasts.
             The game lasted 01:12:38 (10370 turns).

Radix the Fighter (Gargoyle Cinder Acolyte)        Turns: 10370, Time: 01:12:39

Health: -5/73      AC: 23    Str: 19    XL:     11   Next: 67%
Magic:  0/23       EV: 11    Int: 21    God:    Vehumet [......]
Gold:   261        SH:  0    Dex: 11    Spells: 24/26 levels left

rFire   . . .      SeeInvis .   k - +7 war axe "Jooneuny" {protect, Int+3}
rCold   . . .      Faith    .   (no shield)
rNeg    + . .      Spirit   +   F - +2 troll leather armour {Pargi}
rPois   ∞          Reflect  .   J - +0 helmet
rElec   +          Harm     .   (no cloak)
rCorr   .          Rampage  .   (no gloves)
Will    .....                   o - +0 pair of boots
Stlth   +.........              G - amulet of guardian spirit
HPRegen 1.02/turn               w - +6 ring of dexterity
MPRegen 0.18/turn               (no ring)

@: under a protective aura, fire susceptible
A: sickness immunity, AC +8, negative energy resistance 1, electricity
resistance, torment resistance 1, petrification resistance
a: Renounce Religion


You were on level 1 of the Lair of Beasts.
You worshipped Vehumet.
Vehumet was noncommittal.
You visited 3 branches of the dungeon, and saw 12 of its levels.
You also visited: Sewer.

You collected 453 gold pieces.
You spent 192 gold pieces at shops.

Inventory:

Hand Weapons
 a - a -1 mace of flaming
 k - the +7 war axe "Jooneuny" (weapon) {protect, Int+3}
   (You found it on level 2 of the Dungeon)

   It grants its wielder temporary protection when it strikes (+7 to AC).
   Int:       It affects your intelligence (+3).
 m - a +5 flail of electrocution
 n - a +2 glaive of draining
 L - a +4 quick blade
 M - a +0 dagger
Missiles
 y - 5 boomerangs
 N - 4 throwing nets
Armour
 b - a +0 robe
 l - a +0 scale mail
 o - a +0 pair of boots (worn)
 u - a +1 scale mail of fire resistance
 x - a +1 chain mail of willpower
 C - +0 acid dragon scales
 F - a +2 troll leather armour (worn) {Pargi}
 J - a +0 helmet (worn)
Jewellery
 w - a +6 ring of dexterity (left hand)
 G - an amulet of guardian spirit (around neck)
 S - an amulet of reflection
Wands
 g - a wand of roots (2)
 t - a wand of digging (5) (quivered)
 E - a wand of paralysis (1)
Scrolls
 c - 5 scrolls of identify
 e - 5 scrolls of amnesia
 h - 3 scrolls of vulnerability
 i - 2 scrolls of magic mapping
 r - 3 scrolls of immolation
 s - 5 scrolls of teleportation
 K - 2 scrolls of fear
 O - a scroll of blinking {unknown}
 P - a scroll of brand weapon
 Q - a scroll of fog {unknown}
Potions
 d - 2 potions of flight {unknown}
 f - 2 potions of mutation
 j - a potion of berserk rage {unknown}
 p - a potion of degeneration {unknown}
 q - 2 potions of resistance {unknown}
 v - a potion of invisibility
 z - 5 potions of curing
 A - a potion of lignification
 B - 2 potions of haste
 D - a potion of attraction {unknown}
 H - a potion of magic {unknown}
 I - 3 potions of brilliance {unknown}
Miscellaneous
 R - a tin of tremorstones (2/2)


   Skills:
 + Level 10.5 Fighting
 + Level 9.6 Maces & Flails
 + Level 8.4 Spellcasting
 + Level 9.7 Fire Magic


You had 24 spell levels left.
You knew the following spells:

 Your Spells              Type           Power      Damage    Failure   Level
a - Scorch                Fire           98%        2d10      1%          2

Your spell library contained the following spells:

 Spells                   Type           Power      Damage    Failure   Level
 Foxfire                  Conj/Fire      100%       2x1d9     1%          1
 Magic Dart               Conj           32%        1d4       9%          1
 Necrotise                Necr           32%        1d5       9%          1
 Sandblast                Erth           16%        2d6       9%          1
 Summon Small Mammal      Summ           32%        N/A       9%          1
 Searing Ray              Conj           16%        2d5       14%         2
 Call Canine Familiar     Summ           8%         N/A       26%         3
 Portal Projectile        Hex/Tloc       16%        N/A       26%         3
 Summon Guardian Golem    Hex/Summ       8%         N/A       26%         3
 Tukima's Dance           Hex            8%         N/A       26%         3
 Fulminant Prism          Conj/Hex       4%         3d6       65%         4
 Blade Hands              Tmut           4%         N/A       94%         5


Dungeon Overview and Level Annotations

Branches:
Dungeon (10/15)            Temple (1/1) D:6            Lair (1/5) D:9
  Sewer (visited)
    Orc: D:9-12

Altars:
Ashenzari
Cheibriados
Dithmenos
Elyvilon
Fedhas
Gozag
Hepliaklqana
Kikubaaqudgha
Makhleb
Nemelex Xobeh
Okawaru
Qazlal
Ru
Sif Muna
Trog
Uskayaw
Vehumet
Wu Jian
Xom
Yredelemnul
Zin
The Shining One

Shops:
D:2 !   D:5 *

Annotations:
D:9 2 transporters, exclusion: obsidian statue


Innate Abilities, Weirdness & Mutations

You are immune to sickness and miasma.
Your stone body is resilient. (AC +8)
You are immune to poison.
You resist negative energy. (rN+)
You are resistant to electric shocks. (rElec)
You are resistant to unholy torment.
You are immune to petrification.


Message History

You kill the komodo dragon!
Vehumet accepts your kill.
You see here a komodo dragon corpse.
Found 6 stones.
Found a stone staircase leading down.
You start resting. "These will know how to inflict the punishment due to you!" 3 fire elementals come into view.
You slash the fire elemental!
Your weapon exudes an aura of protection.
The fire elemental is moderately damaged.
You hit the fire elemental. You barely miss the fire elemental.
The fire elemental is moderately damaged.
You barely miss the fire elemental. The fire elemental hits you.
The fire elemental burns you! The fire elemental hits you.
The fire elemental burns you!
You hit the fire elemental but do no damage.
The fire elemental is moderately damaged.
You slash the fire elemental! You closely miss the fire elemental.
The fire elemental hits you. The fire elemental burns you!
The fire elemental hits you. The fire elemental misses you.
The fire elemental hits you. The fire elemental burns you!
The fire elemental closely misses you. The fire elemental hits you.
The fire elemental burns you!
You slash the fire elemental!
The fire elemental is severely damaged.
You slash the fire elemental! You closely miss the fire elemental.
The fire elemental hits you. The fire elemental burns you!
The fire elemental hits you. The fire elemental burns you!
The fire elemental hits you. The fire elemental burns you!
You slash the fire elemental!
The fire elemental is almost destroyed.
You barely miss the fire elemental. You hit the fire elemental.
The fire elemental hits you. The fire elemental burns you!
The fire elemental hits you. The fire elemental burns you!
* * * LOW HITPOINT WARNING * * *
The fire elemental hits you. The fire elemental burns you!
* * * LOW HITPOINT WARNING * * *
The fire elemental hits you. The fire elemental burns you!
You die...

.............
.............
............
##...........
##............
#.............
##.....E.>.....
#....E@.....(..
#....E.......#
##...........##
#....#......##
#..###.....##
###.......##
###.......#
#....†...P#
#..#P.....##


You could see 3 fire elementals.

Vanquished Creatures
  Harold (D:9)
  A hydra (D:8)
  A two-headed ogre (D:8)
  Pikel (D:7)
  An elephant (D:9)
  Joseph (D:8)
  Maggie (D:7)
  An unseen horror (D:10)
  A komodo dragon (Lair:1)
  A troll (D:9)
  A hornet (D:9)
  A wraith (D:9)
  2 wyverns
  A basilisk (D:9)
  18 yaks
  2 steam dragons
  Edmund (D:5)
  3 water moccasins
  An orc warrior (D:9)
  Pargi (Sewer)
  A black bear (D:9)
  A centaur (D:8)
  3 lemures (D:7)
  A phantom (D:4)
  2 kobold brigands
  2 necrophages
  4 scorpions
  5 bullfrogs
  11 killer bees
  5 electric eels (D:7)
  A howler monkey (D:9)
  5 hounds
  A jelly (D:5)
  A gnoll bouda (D:6)
  5 orc priests
  2 iguanas
  8 orc wizards
  6 adders
  5 gnolls (D:6)
  A river rat (D:6)
  A white imp (D:8)
  An ufetubus (D:7)
  10 dart slugs
  26 orcs
  5 endoplasms
  A giant cockroach (D:1)
  7 goblins
  9 hobgoblins
  4 jackals (D:3)
  4 quokkas
  7 ball pythons
  7 bats
  5 frilled lizards
  16 kobolds
  6 rats
220 creatures vanquished.

Vanquished Creatures (collateral kills)
  An orc priest (D:8)
1 creature vanquished.

Vanquished Creatures (others)
  A wyvern (D:10)
  An ufetubus (D:7)
  A dart slug (D:7)
  52 foxfires
  3 fungi (D:8)
  22 plants
80 creatures vanquished.

Grand Total: 301 creatures vanquished

Notes
Turn   | Place    | Note
-------+----------+-------------------------------------------
     0 | D:1      | Radix the Gargoyle Cinder Acolyte began the quest for the
                  | Orb.
     0 | D:1      | Reached XP level 1. HP: 14/14 MP: 2/2
   188 | D:1      | Reached XP level 2. HP: 13/19 MP: 3/3
   653 | D:1      | Found a faded altar of an unknown god.
   783 | D:1      | Reached XP level 3. HP: 14/23 MP: 5/5
  1284 | D:1      | Learned a level 2 spell: Scorch
  1743 | D:2      | Identified the +7 war axe "Jooneuny" {protect, Int+3}
  1840 | D:2      | Found Qeukamer's Distillery.
  1845 | D:2      | Bought a potion of curing for 42 gold pieces
  2271 | D:3      | Reached XP level 4. HP: 15/29 MP: 6/6
  2592 | D:3      | Found an ornate altar of the Wu Jian Council.
  2599 | D:3      | Found a radiant altar of Vehumet.
  2602 | D:3      | Found a bloodstained altar of Trog.
  2627 | D:3      | Reached skill level 4 in Fighting
  3337 | D:4      | Reached XP level 5. HP: 32/33 MP: 8/8
  3447 | D:4      | Found a burning altar of Makhleb.
  3454 | D:4      | Reached XP level 6. HP: 32/39 MP: 8/10
  3921 | D:5      | Entered Level 5 of the Dungeon
  4046 | D:5      | Reached skill level 5 in Fighting
  4158 | D:5      | Found an iron altar of Okawaru.
  4187 | D:5      | Found a shimmering blue altar of Sif Muna.
  4270 | D:5      | Reached XP level 7. HP: 41/44 MP: 7/12
  4397 | D:5      | Found a basalt altar of Yredelemnul.
  4683 | D:5      | Noticed Edmund
  4694 | D:5      | HP: 2/44 [constriction (2)]
  4705 | D:5      | Killed Edmund
  4706 | D:5      | Reached skill level 5 in Maces & Flails
  4706 | D:5      | Reached skill level 5 in Fire Magic
  4706 | D:5      | Found Iviu's General Store.
  4724 | D:5      | Bought a potion of curing for 36 gold pieces
  5253 | D:6      | Found a staircase to the Ecumenical Temple.
  5263 | D:6      | Reached XP level 8. HP: 51/51 MP: 12/14
  5421 | D:6      | Reached skill level 6 in Fighting
  5499 | D:6      | Found a glowing drain.
  5590 | D:6      | Found a glowing silver altar of Zin.
  5704 | Sewer    | Entered a sewer
  5726 | Sewer    | Noticed Pargi
  5729 | Sewer    | Killed Pargi
  6004 | D:7      | Noticed Maggie
  6040 | D:7      | HP: 2/52 [dart slug/slug dart (3)]
  6134 | D:7      | Reached skill level 5 in Spellcasting
  6376 | D:7      | Reached XP level 9. HP: 32/56 MP: 6/16
  6538 | D:7      | Reached skill level 7 in Fighting
  6553 | D:7      | Killed Maggie
  6880 | D:7      | Noticed Pikel
  6894 | D:7      | Killed Pikel
  6973 | D:8      | Found a stormy altar of Qazlal.
  7009 | D:8      | Reached skill level 8 in Fighting
  7022 | D:8      | Found a blossoming altar of Fedhas.
  7044 | D:8      | Reached XP level 10. HP: 43/64 MP: 11/19
  7153 | D:8      | Noticed Joseph
  7157 | D:8      | Noticed a two-headed ogre
  7159 | D:8      | Noticed a four-headed hydra
  7199 | D:9      | Noticed an obsidian statue
  7199 | D:9      | Found a transporter.
  7250 | D:9      | Noticed a manticore
  7253 | D:9      | Noticed a white ugly thing
  7255 | D:9      | Found a transporter.
  7260 | D:9      | Noticed an orb spider
  7260 | D:9      | a floating eye changed into an orb spider
  7265 | D:9      | Noticed a wolf spider
  7265 | D:9      | an orb spider changed into a wolf spider
  7271 | D:9      | Noticed an orb spider
  7271 | D:9      | Noticed Harold
  7299 | D:8      | Killed a two-headed ogre
  7310 | D:8      | Killed Joseph
  7333 | D:8      | Killed a five-headed hydra
  7334 | D:8      | Reached skill level 9 in Fighting
  7733 | D:9      | Killed Harold
  7886 | D:9      | Found a staircase to the Lair.
  7886 | D:9      | Noticed an elephant
  7898 | D:9      | Reached XP level 11. HP: 71/71 MP: 20/22
  8063 | D:9      | Noticed a goliath frog
  8063 | D:9      | Noticed a satyr
  8063 | D:9      | a goliath frog changed into a satyr
  8103 | D:9      | Noticed a radroach
  8191 | D:9      | Found a shadowy altar of Dithmenos.
  8198 | D:9      | Found a broken altar of Ashenzari.
  8662 | D:9      | Noticed a lindwurm
  8664 | D:9      | Noticed a satyr
  8673 | D:9      | a lindwurm changed into a yaktaur
  8768 | D:9      | Reached skill level 10 in Fighting
  8963 | D:9      | Found a white marble altar of Elyvilon.
  9151 | D:9      | Noticed a stone giant
  9178 | D:9      | Noticed a frost giant
  9191 | D:10     | Entered Level 10 of the Dungeon
  9610 | Temple   | Entered the Ecumenical Temple
  9610 | Temple   | Found a transporter.
  9610 | Temple   | Found a transporter.
  9612 | Temple   | Found a transporter.
  9612 | Temple   | Found a transporter.
  9772 | D:5      | Got Sif Muna's Octavo of Grit
  9774 | D:5      | Got Sif Muna's Anthology of Death
  9776 | D:5      | Got Sif Muna's Tome of Ignition
  9831 | D:5      | Bought a scroll of brand weapon for 114 gold pieces
  9896 | D:3      | Fell from the grace of Ignis
  9896 | D:3      | Became a worshipper of Vehumet
 10190 | Lair:1   | Entered Level 1 of the Lair of Beasts
 10370 | Lair:1   | Slain by a fire elemental

Illustrated notes

Levels and vault maps discovered:
D:1:      lightli_arrival_windingriver, layout_loops_ring,
          shapermc_ecumenical_altar_venn, minmay_tetromino_s4
D:2:      layout_loops_cross, serial_shops, nicolae_shop_hallway_plus,
          kennysheep_minor_cross
D:3:      layout_basic, grunt_temple_overflow_open,
          chequers_serial_rivers_large_a, grunt_decor_cap,
          chequers_serial_rivers_small_a, minmay_tree_intersection
D:4:      layout_rooms, makhleb_blood_cavern_becter
D:5:      layout_basic, lemuel_tele_altar, mainiacjoe_overflow_brackets,
          nicolae_sif_muna_little_library, chequers_serial_rivers_micro_e,
          minmay_misc_feat_iff, nicolae_stop_n_shop_2, uniq_edmund
D:6:      layout_rooms, mainiacjoe_overflow_chevrons, minmay_temple_entry_glass,
          portal_sewer_entry_b
D:7:      kennysheep_slugbush, layout_gridville, uniq_maggie, uniq_pikel
D:8:      layout_basic, grunt_temple_overflow_forces_of_nature, uniq_joseph
D:9:      gammafunk_sealed_arena, layout_basic, kennysheep_mini,
          mainiacjoe_overflow_large_starburst, david_lair_generic,
          serial_park_tiny_1, uniq_harold
D:10:     layout_basic
Temple:   hellmonk_temple_divided_pantheon
Lair:1:   layout_hall_layers, columned_hall_lemuel

Skill      XL: |  1  2  3  4  5  6  7  8  9 10 11 |
---------------+----------------------------------+-----
Spellcasting   | 2 3 4 5 6 7 8 |  8.4
Fighting       | 4 5 6 8 9 10 | 10.5
Maces & Flails | 4 5 6 7 8 9 |  9.6
Fire Magic     | 4 5 6 7 8 9 |  9.7

Action                   |  1- 3 |  4- 6 |  7- 9 | 10-12 || total
-------------------------+-------+-------+-------+-------++-------
Melee: Mace              |   100 |       |       |       ||   100
       War axe           |    15 |    95 |   185 |   219 ||   514
       Punch             |     1 |       |     3 |     3 ||     7
 Cast: Scorch            |     2 |     2 |    14 |    14 ||    32
Invok: Fiery Armour      |       |       |     3 |     4 ||     7
       Foxfire Swarm     |       |       |     1 |     3 ||     4
Evoke: Wand              |       |       |     2 |     1 ||     3
  Use: Scroll            |       |       |    16 |     4 ||    20
       Potion            |       |       |    10 |     2 ||    12
Armor: Robe              |    44 |       |       |       ||    44
       Scale mail        |    16 |    62 |   135 |       ||   213
       Troll leather arm |       |       |    52 |   235 ||   287
Dodge: Dodged            |    74 |    54 |   133 |   148 ||   409
